 Dungeon Crawl Stone Soup version 0.30-a0-726-gd89dcf765f (webtiles) character file.

Game seed: 15122303200352604239

8405 elagabalus the Cleaver (level 11, -16/110 HPs)
             Began as a Hill Orc Berserker on Jan 29, 2023.
             Was a High Priest of Trog.
             Demolished by Snorg (17 damage)
             ... on level 10 of the Dungeon.
             The game lasted 00:59:28 (6488 turns).

elagabalus the Cleaver (Hill Orc Berserker)         Turns: 6488, Time: 00:59:28

Health: -16/110    AC: 18    Str: 31    XL:     11   Next: 30%
Magic:  11/11      EV: 10    Int:  7    God:    Trog [*****.]
Gold:   560        SH:  5    Dex: 10    Spells: 10/10 levels left

rFire   + . .      SeeInvis +    b - +3 hand axe (freeze)
rCold   . . .      Faith    .    (no shield)
rNeg    + . .      Spirit   .    j - +0 fire dragon scales
rPois   .          Reflect  +    (no helmet)
rElec   .          Harm     .    w - +2 cloak of the Sky {rN+ SInv}
rCorr   .          Rampage  .    h - +2 pair of gloves
Will    .....                    B - +0 pair of boots Stlth
                                 m - amulet of reflection
HPRegen 0.38/turn                l - ring of ice
MPRegen 0.12/turn                q - +6 ring of strength

@: marked, on berserk cooldown, slowed, very slow
A: no striking features
a: Renounce Religion, Berserk, Trog's Hand, Brothers in Arms


You were on level 10 of the Dungeon.
You worshipped Trog.
Trog was extremely pleased with you.
You visited 1 branch of the dungeon, and saw 10 of its levels.
You also visited: Sewer.

You collected 721 gold pieces.
You spent 161 gold pieces at shops.

Inventory:

Hand Weapons
 a - a +1 whip of electrocution
 b - a +3 hand axe of freezing (weapon)
 o - a +0 heavy broad axe
Armour
 h - a +2 pair of gloves (worn)
 j - +0 fire dragon scales (worn)
 w - the +2 cloak of the Sky (worn) {rN+ SInv}
   (You found it on level 6 of the Dungeon)

   rN:        It protects you from negative energy.
   SInv:      It lets you see invisible.
 B - a +0 pair of boots (worn)
Jewellery
 l - a ring of ice (left hand)
 m - an amulet of reflection (around neck)
 q - a +6 ring of strength (right hand)
 A - a ring of positive energy
 C - an amulet of the acrobat
 D - a ring of protection from fire
Wands
 i - a wand of roots (2)
 x - a wand of polymorph (11)
 y - a wand of light (14)
Scrolls
 c - 4 scrolls of identify
 e - a scroll of blinking
 t - 3 scrolls of fog
 u - a scroll of torment
 E - a scroll of teleportation
Potions
 d - 4 potions of cancellation
 k - 2 potions of resistance
 n - 6 potions of curing
 p - a potion of attraction
 r - 3 potions of heal wounds
 s - 2 potions of berserk rage
 v - 2 potions of lignification
 z - a potion of flight


   Skills:
 * Level 14.1 Fighting
 - Level 14.1 Axes
 - Level 8.0 Armour
 - Level 2.0 Dodging


You had 10 spell levels left.
You didn't know any spells.
Your spell library was empty.

Dungeon Overview and Level Annotations

Branches:
Dungeon (10/15)            Temple (0/1) D:6           Sewer (visited)
   Lair: D:8-11         Orc: D:9-12

Altars:
Ru
Uskayaw

Shops:
D:2 ?   D:3 ?   D:9 ?

Annotations:
D:10 Snorg


Message History

You slash Snorg! You freeze Snorg.
Snorg is severely wounded.
You barely miss the orc wizard. You hit the orc but do no damage.
The orc throws a boomerang.
The boomerang barely misses you. The orc wizard casts a spell at you.
You easily resist.
Snorg bites you. You block Snorg's attack. Snorg claws you!
You slash Snorg! You freeze Snorg.
Snorg is almost dead.
You hit the orc wizard. You freeze the orc wizard.
You kill the orc wizard!
Trog accepts your kill.
Trog appreciates your killing of a magic user.
You hit the orc but do no damage. The orc barely misses you.
The orc throws a boomerang.
The boomerang barely misses you. You block Snorg's attack.
Snorg claws you but does no damage. x2
You slash Snorg! You freeze Snorg.
Snorg is almost dead.
You slash the orc! You freeze the orc.
You kill the orc!
Trog accepts your kill.
You hit the two-headed ogre but do no damage.
The two-headed ogre misses you.
The two-headed ogre hits you with a +0 dire flail!
* * * LOW HITPOINT WARNING * * *
Snorg goes berserk!
You barely miss Snorg.
Snorg is almost dead.
You hit the two-headed ogre. You freeze the two-headed ogre.
You are no longer corroded.
Snorg barely misses you. You block Snorg's attack. Snorg claws you!
* * * LOW HITPOINT WARNING * * *
The orc throws a boomerang.
The boomerang hits you but does no damage.
You barely miss Snorg.
Snorg is almost dead.
You completely miss the two-headed ogre.
Snorg bites you!
* * * LOW HITPOINT WARNING * * *
You block Snorg's attack. Snorg claws you!
You die...

#....#. .#
#.....## ..#
......###..#
....)......
#.........
#...o..# #)))Oo.#
#..@T..##
###.)...#
###....#..... ###
##......# #...
##.# ##.......#
..
##..###....#...#
.
#....>.....#/.##
#..........#....
##...............


You could see Snorg (berserk), a two-headed ogre, an orc wizard (invisible) and
an orc.

Vanquished Creatures
  Harold (D:10)
  Pikel (D:6)
  The ghost of avis the Skirmisher, a novice DgHu (D:5)
  A komodo dragon (D:10)
  A troll (D:9)
  Grinder (Sewer)
  Sigmund (D:3)
  2 wraiths (D:10)
  A wyvern (D:8)
  9 yaks
  Grum (D:9)
  2 steam dragons (D:6)
  A water moccasin (D:9)
  An acid dragon (D:10)
  3 orc warriors
  An ice beast (D:6)
  2 black bears (D:6)
  A sky beast (D:8)
  3 ogres
  3 wolves (D:9)
  A centaur (D:8)
  A lemure (D:6)
  3 kobold brigands
  A phantom (D:5)
  4 bullfrogs
  2 scorpions
  4 necrophages
  A wight (Sewer)
  11 killer bees
  5 howler monkeys
  An electric eel (D:9)
  3 hounds
  A jelly (D:6)
  2 orc priests
  A gnoll bouda (D:8)
  2 centaur skeletons (D:5)
  2 iguanas
  9 orc wizards
  A killer bee zombie (D:5)
  8 adders
  4 gnolls (D:8)
  4 shadow imps (Sewer)
  5 ufetubi
  2 worms
  25 orcs
  9 ball pythons
  8 endoplasms
  5 giant cockroaches
  2 goblins (D:1)
  8 hobgoblins
  5 jackals
  4 quokkas
  6 bats
  3 frilled lizards (D:2)
  A giant cockroach zombie (Sewer)
  27 kobolds
  A kobold zombie (Sewer)
  2 rats
221 creatures vanquished.

Vanquished Creatures (others)
  A kobold (D:3)
1 creature vanquished.

Grand Total: 222 creatures vanquished

Notes
Turn   | Place    | Note
-------+----------+-------------------------------------------
     0 | D:1      | elagabalus the Hill Orc Berserker began the quest for the
                  | Orb.
     0 | D:1      | Reached XP level 1. HP: 19/19 MP: 1/1
   125 | D:1      | Reached XP level 2. HP: 11/27 MP: 2/2
   522 | D:1      | Reached XP level 3. HP: 24/34 MP: 3/3
   692 | D:2      | Found Jenacwinn's Magic Scroll Emporium.
   830 | D:2      | Reached ** piety under Trog
   946 | D:2      | Reached skill level 5 in Axes
   946 | D:2      | Reached XP level 4. HP: 41/41 MP: 4/4
  1111 | D:3      | Found Dedaviog's Magic Scroll Boutique.
  1208 | D:3      | Noticed Sigmund
  1215 | D:3      | Killed Sigmund
  1216 | D:3      | Reached skill level 5 in Fighting
  1216 | D:3      | Reached XP level 5. HP: 48/48 MP: 5/5
  1216 | D:3      | Reached XP level 6. HP: 56/56 MP: 6/6
  1517 | D:3      | Found a hide-covered altar of Uskayaw.
  1518 | D:3      | Found a sacrificial altar of Ru.
  1727 | D:5      | Entered Level 5 of the Dungeon
  1763 | D:4      | Found a glowing drain.
  1779 | Sewer    | Entered a sewer
  1904 | Sewer    | Reached XP level 7. HP: 47/63 MP: 7/7
  1906 | Sewer    | Found an ancient bone altar of Kikubaaqudgha.
  1916 | Sewer    | Reached *** piety under Trog
  1924 | Sewer    | Noticed Grinder
  1931 | Sewer    | Paralysed by Grinder for 2 turns
  1948 | Sewer    | Killed Grinder
  2141 | Sewer    | Reached skill level 10 in Axes
  2561 | D:4      | Reached XP level 8. HP: 68/70 MP: 8/8
  2922 | D:5      | Found a runed translucent gate.
  2922 | D:5      | Found a runed translucent gate.
  2923 | D:5      | Found a runed translucent gate.
  2927 | D:5      | Noticed avis's ghost (novice DgHu)
  2957 | D:5      | Killed avis's ghost
  3161 | D:5      | Reached XP level 9. HP: 75/75 MP: 9/9
  3681 | D:6      | Noticed Pikel
  3692 | D:6      | Killed Pikel
  3697 | D:6      | Reached **** piety under Trog
  3936 | D:6      | Found a staircase to the Ecumenical Temple.
  3996 | D:6      | Identified the +2 cloak of the Sky {rN+ SInv}
  4820 | D:7      | Reached XP level 10. HP: 86/86 MP: 10/10
  5678 | D:9      | Noticed Grum
  5686 | D:9      | Killed Grum
  5711 | D:9      | Reached skill level 10 in Fighting
  5937 | D:9      | Found Kekkao's Magic Scroll Shop.
  5961 | D:9      | Bought a scroll of identify for 28 gold pieces
  5961 | D:9      | Bought a scroll of enchant weapon for 105 gold pieces
  5961 | D:9      | Bought a scroll of identify for 28 gold pieces
  6296 | D:10     | Entered Level 10 of the Dungeon
  6351 | D:10     | Reached XP level 11. HP: 71/105 MP: 11/11
  6351 | D:10     | Reached ***** piety under Trog
  6445 | D:10     | Noticed Harold
  6463 | D:10     | Killed Harold
  6472 | D:10     | Noticed Snorg
  6482 | D:10     | Noticed a two-headed ogre
  6488 | D:10     | HP: 1/110 [Snorg (14)]
  6488 | D:10     | Demolished by Snorg

Illustrated notes

Levels and vault maps discovered:
D:1:      lightli_arrival_maybe_door_vault, layout_loops_cross,
          minmay_close_crescents
D:2:      layout_rooms, serial_shops, shop
D:3:      layout_basic, chequers_temple_overflow_statue_of_worship,
          serial_shops, nicolae_shop_hallway_plus, uniq_sigmund
D:4:      layout_loops_cross, serial_glass, glass_columns_a, glass_columns_c,
          cheibrodos_sewer_entry_drain
D:5:      layout_loops_cross, gammafunk_ghost_necromancy
D:6:      layout_basic, minmay_temple_entry_glass, uniq_pikel, uniq_edmund
D:7:      layout_loops_corners, grunt_ministairs_9, kennysheep_cluttered_room,
          corexii_corridor_pit
D:8:      layout_cave_pools
D:9:      layout_loops_ring, serial_shops, kennysheep_little_box, fountainhead,
          uniq_grum
D:10:     layout_cave_pools, hiddenorc1_lemuel, uniq_joseph, uniq_harold,
          uniq_snorg

Skill      XL: |  1  2  3  4  5  6  7  8  9 10 11 |
---------------+----------------------------------+-----
Fighting       | 4 5 6 7 12 14 | 14.1
Dodging        | 2 |  2.0
Axes           | 5 6 8 10 13 14 | 14.1
Armour         | 8 |  8.0

Action                     |  1- 3 |  4- 6 |  7- 9 | 10-12 || total
---------------------------+-------+-------+-------+-------++-------
  Melee: Hand axe          |   112 |    86 |   201 |   210 ||   609
         Punch             |     3 |     2 |       |     2 ||     7
 Invoke: Berserk           |     1 |     4 |     7 |     6 ||    18
    Use: Scroll            |       |    11 |     6 |     9 ||    26
         Potion            |       |       |     1 |     1 ||     2
 Armour: Animal skin       |     5 |       |       |       ||     5
         Ring mail         |    31 |    28 |    16 |       ||    75
         Fire dragon scale |       |       |    37 |    98 ||   135
  Dodge: Dodged            |    63 |    33 |    67 |    81 ||   244
  Block: Other             |     1 |    17 |    26 |    53 ||    97
         Reflection        |       |     3 |       |     3 ||     6

Table legend: (Time is in decaauts)
 A = Elapsed time spent in this place.
 B = Non-inter-level travel time spent in this place.
 C = Inter-level travel time spent in this place.
 D = Time resting spent in this place.
 E = Time spent auto-exploring this place.
 F = Levels seen in this place.
 G = Mean time per level.
                   A        B        C        D        E       F      G
               +--------+--------+--------+--------+--------+-----+--------+
         Total |   6520 |   1668 |   4852 |      0 |      0 |  11 |  592.7 |
       Dungeon |   6109 |   1257 |   4852 |      0 |      0 |  10 |  610.9 |
         Sewer |    411 |    411 |      0 |      0 |      0 |   1 |  411.0 |
               +--------+--------+--------+--------+--------+-----+--------+

Top non-repeatable levels by time:
     D:7: 874 daAuts
     D:6: 838 daAuts
     D:4: 727 daAuts
     D:5: 703 daAuts
     D:3: 672 daAuts
     D:1: 664 daAuts
     D:9: 588 daAuts
     D:8: 463 daAuts
   Sewer: 411 daAuts
     D:2: 397 daAuts
    D:10: 178 daAuts
